[Event "21st Dubai Open 2019"]
[Site "Dubai"]
[Date "2019.04.07"]
[Round "7.14"]
[White "Sidhant, Mohapatra"]
[Black "Pichot, Alan"]
[Result "0-1"]
[ECO "B66"]
[WhiteElo "2348"]
[BlackElo "2566"]
[Annotator "ChessBase"]
[PlyCount "90"]
[EventDate "2019.04.01"]
[EventType "swiss"]
[EventCountry "UAE"]
[SourceTitle "playchess.com"]
[Source "ChessBase"]
[SourceQuality "1"]
[TimeControl "5400+30"]

1. e4 c5 2. Nf3 Nc6 3. d4 cxd4 4. Nxd4 Nf6 5. Nc3 d6 6. Bg5 e6 7. Qd2 a6 8. Nxc6 bxc6 9. O-O-O Be7 10. Bxf6 gxf6 11. Bc4 Bb7 12. f4 Qa5 13. Rhe1 O-O-O 14. f5 d5 15. exd5 cxd5 16. Bd3 e5 17. Kb1 d4 18. Ne4 Bb4 19. c3 dxc3 20. bxc3 Be7 21. Ka1 Rd7 22. Rb1 Qd5 23. Re3 Qc6 24. Qe2 Rc7 25. Bc2 Rd8 26. Bb3 Bc5 27. Nxc5 Qxc5 28. Rh3 e4 29. g4 Qe5 30. Rxh7 e3 31. Rxf7 Qxc3+ 32. Qb2 Qxb2+ 33. Kxb2 Rd2+ 34. Ka3 Rxf7 35. Bxf7 e2 36. Re1 Bf3 37. Bc4 a5 38. g5 fxg5 39. f6 Kd7 40. f7 Ke7 41. Rb1 Rd8 42. Re1 Rd1 43. Rxe2+ Bxe2 44. Bxe2 Rd2 45. Bc4 Rxh2 0-1

[Event "21st Dubai Open 2019"]
[Site "Dubai"]
[Date "2019.04.07"]
[Round "7.15"]
[White "Raahul V S"]
[Black "Bellahcene, Bilel"]
[Result "1-0"]
[ECO "A33"]
[WhiteElo "2252"]
[BlackElo "2538"]
[Annotator "RC"]
[PlyCount "175"]
[EventDate "2019.04.01"]
[EventType "swiss"]
[EventCountry "UAE"]
[SourceTitle "playchess.com"]
[Source "ChessBase"]
[SourceQuality "1"]
[TimeControl "5400+30"]

1. c4 c5 2. Nf3 Nf6 3. Nc3 Nc6 4. d4 cxd4 5. Nxd4 e6 6. Bg5 Bb4 7. Nxc6 bxc6 8. e4 h6 9. Bxf6 Qxf6 10. Rc1 Rb8 11. Qd2 Qg6 12. f3 e5 13. a3 Be7 14. Qf2 Qd6 15. b4 Qd4 16. Qxd4 exd4 17. Ne2 a5 18. Nxd4 axb4 19. axb4 Bxb4+ 20. Kd1 Bc5 21. Nc2 O-O 22. Bd3 d5 23. cxd5 cxd5 24. exd5 Rd8 25. Bc4 Bf5 26. Re1 Rdc8 27. Ba6 Rd8 28. Bc4 Rdc8 29. Ba6 Rd8 30. Bc4 h5 31. Re2 h4 32. Ne3 Bd7 33. Ke1 Rdc8 34. Bd3 Bb4+ 35. Kd1 Ba4+ 36. Nc2 Rc3 37. Be4 g6 38. Ra1 Bb3 39. d6 f5 40. Bd5+ Bxd5 41. Nxb4 Rxb4 42. d7 Rd4+ 43. Ke1 Bxf3 44. Re8+ Kf7 45. d8=Q Rxd8 46. Rxd8 Bxg2 47. Rd6 Rc6 48. Ra7+ Ke8 49. Rxc6 Bxc6 50. Rg7 Bg2 51. Rxg6 h3 52. Rf6 Be4 53. Kf2 Ke7 54. Rh6 Bg2 55. Kg3 Kf7 56. Kf4 Kg7 57. Ra6 Kf7 58. Kxf5 Ke7 59. Ke5 Kd7 60. Rh6 Kc7 61. Rd6 Kb7 62. Kd4 Kc7 63. Kc5 Kb7 64. Rh6 Bf1 65. Rb6+ Kc7 66. Rf6 Bg2 67. Rf7+ Kb8 68. Kd6 Kc8 69. Rh7 Kb8 70. Rc7 Bf3 71. Rc3 Bg2 72. Kd7 Ka7 73. Rb3 Ka6 74. Kd6 Ka7 75. Kc5 Ka6 76. Rb2 Ka7 77. Kd4 Bb7 78. Rb3 Bc8 79. Ke5 Ka6 80. Rb8 Bd7 81. Rd8 Bc6 82. Rd3 Bg2 83. Rb3 Ka5 84. Kf4 Ka4 85. Rb2 Ka3 86. Rb6 Ka4 87. Kg3 Ka5 88. Rb2 1-0

[Event "21st Dubai Open 2019"]
[Site "Dubai"]
[Date "2019.04.07"]
[Round "7.16"]
[White "San Diego, Jerlyn Mae"]
[Black "Ghaem Maghami, Ehsan"]
[Result "0-1"]
[ECO "B54"]
[WhiteElo "1836"]
[BlackElo "2531"]
[Annotator "ChessBase"]
[PlyCount "90"]
[EventDate "2019.04.01"]
[EventType "swiss"]
[EventCountry "UAE"]
[SourceTitle "playchess.com"]
[Source "ChessBase"]
[SourceQuality "1"]
[TimeControl "5400+30"]

1. e4 c5 2. Nf3 d6 3. d4 cxd4 4. Nxd4 Nf6 5. f3 Nc6 6. c4 g6 7. Nc3 Bg7 8. Be3 O-O 9. Qd2 Nxd4 10. Bxd4 Be6 11. Be2 Qa5 12. Nb5 Qxd2+ 13. Kxd2 a6 14. Nc7 Rac8 15. Nxe6 fxe6 16. Be3 d5 17. cxd5 exd5 18. e5 Nh5 19. Bd4 Bh6+ 20. Be3 Bxe3+ 21. Kxe3 Nf4 22. Bf1 Rc2 23. g3 Ne6 24. Rb1 d4+ 25. Kd3 Rf2 26. f4 Rd8 27. Rc1 Rxb2 28. Bh3 Kf7 29. Bxe6+ Kxe6 30. Rc2 Rxc2 31. Kxc2 Rc8+ 32. Kd3 Kd5 33. Re1 Rc3+ 34. Kd2 Ra3 35. Ra1 b5 36. Kc2 b4 37. Rf1 Rxa2+ 38. Kb3 Rxh2 39. Kxb4 Rb2+ 40. Ka3 Rb5 41. Rh1 h5 42. f5 gxf5 43. Rxh5 e6 44. g4 fxg4 45. Rg5 d3 0-1

[Event "21st Dubai Open 2019"]
[Site "Dubai"]
[Date "2019.04.07"]
[Round "7.17"]
[White "Visakh N R"]
[Black "Divya Deshmukh"]
[Result "1-0"]
[ECO "E16"]
[WhiteElo "2509"]
[BlackElo "2432"]
[Annotator "ChessBase"]
[PlyCount "83"]
[EventDate "2019.04.01"]
[EventType "swiss"]
[EventCountry "UAE"]
[SourceTitle "playchess.com"]
[Source "ChessBase"]
[SourceQuality "1"]
[TimeControl "5400+30"]

1. d4 Nf6 2. c4 e6 3. Nf3 Bb4+ 4. Bd2 Qe7 5. Nc3 O-O 6. g3 b6 7. Bg2 Bb7 8. O-O d6 9. d5 Bxc3 10. Bxc3 e5 11. Nh4 g6 12. e4 Nbd7 13. Qd2 a5 14. f4 Rae8 15. Rae1 Ba6 16. b3 Nh5 17. fxe5 dxe5 18. Qh6 Ng7 19. Nf3 f6 20. g4 b5 21. Rf2 bxc4 22. Bf1 Qc5 23. Qd2 Rb8 24. Bxa5 Ne8 25. b4 Qa7 26. Qe3 Qa8 27. g5 f5 28. exf5 Nd6 29. fxg6 hxg6 30. Bxc7 Nf5 31. Qe4 Rxb4 32. Bd6 Rbb8 33. Bxf8 Rxf8 34. Nxe5 Nxe5 35. Qxe5 Qa7 36. Qe6+ Kh7 37. d6 Qc5 38. d7 Bb5 39. Re5 Qd4 40. Re4 Qa7 41. Rh4+ Kg7 42. Qe5+ 1-0

[Event "21st Dubai Open 2019"]
[Site "Dubai"]
[Date "2019.04.07"]
[Round "7.18"]
[White "Sindarov, Javokhir"]
[Black "Laxman, R.R."]
[Result "1-0"]
[ECO "C45"]
[WhiteElo "2495"]
[BlackElo "2428"]
[Annotator "ChessBase"]
[PlyCount "97"]
[EventDate "2019.04.01"]
[EventType "swiss"]
[EventCountry "UAE"]
[SourceTitle "playchess.com"]
[Source "ChessBase"]
[SourceQuality "1"]
[TimeControl "5400+30"]

1. e4 e5 2. Nf3 Nc6 3. d4 exd4 4. Nxd4 Bc5 5. Be3 Qf6 6. c3 b6 7. g3 Bb7 8. Bg2 O-O-O 9. O-O Nge7 10. f4 Bxd4 11. cxd4 d5 12. e5 Qe6 13. Qd3 g6 14. Nd2 Kb8 15. a3 Nf5 16. Bf2 Na5 17. Nf3 h5 18. b3 Qe7 19. Rfc1 h4 20. g4 h3 21. gxf5 hxg2 22. Bh4 Rxh4 23. f6 Qd7 24. Nxh4 Rh8 25. Nf3 Qg4 26. Rc2 Qxf4 27. Rxg2 c5 28. Ng5 c4 29. Qc3 Nxb3 30. Rf1 Qxd4+ 31. Qxd4 Nxd4 32. Nxf7 Rf8 33. Ng5 Bc8 34. Rd1 Nf5 35. Rxd5 Ne3 36. Rd4 Nxg2 37. Kxg2 b5 38. Kf2 c3 39. Rd3 c2 40. Rc3 Bf5 41. Ke3 a5 42. Ne4 Rc8 43. Rxc8+ Kxc8 44. Kd2 Kd8 45. Nc5 g5 46. e6 Bg6 47. Nb7+ Ke8 48. Nd6+ Kf8 49. Nxb5 1-0

[Event "21st Dubai Open 2019"]
[Site "Dubai"]
[Date "2019.04.07"]
[Round "7.19"]
[White "Nguyen, Anh Khoi"]
[Black "Nitin, S.."]
[Result "1-0"]
[ECO "E81"]
[WhiteElo "2481"]
[BlackElo "2400"]
[Annotator "RC"]
[PlyCount "71"]
[EventDate "2019.04.01"]
[EventType "swiss"]
[EventCountry "UAE"]
[SourceTitle "playchess.com"]
[Source "ChessBase"]
[SourceQuality "1"]
[TimeControl "5400+30"]

1. d4 Nf6 2. c4 g6 3. Nc3 Bg7 4. e4 d6 5. f3 O-O 6. Nge2 c6 7. Be3 a6 8. g4 b5 9. Ng3 Qa5 10. Qd2 Nbd7 11. h4 e5 12. d5 b4 13. Nd1 cxd5 14. cxd5 Nc5 15. h5 Ra7 16. g5 Ne8 17. Bxc5 dxc5 18. d6 Nxd6 19. hxg6 hxg6 20. Ne3 Be6 21. Rd1 Rd7 22. Qh2 Rfd8 23. b3 Nb5 24. Rxd7 Rxd7 25. Ngf5 gxf5 26. exf5 Qa3 27. Qh7+ Kf8 28. f6 Qc1+ 29. Kf2 Rd2+ 30. Be2 Rxe2+ 31. Kg3 Rg2+ 32. Kxg2 Qb2+ 33. Kg3 Bxf6 34. gxf6 Ke8 35. Qe4 Kd8 36. Qc6 1-0

[Event "21st Dubai Open 2019"]
[Site "Dubai"]
[Date "2019.04.07"]
[Round "7.20"]
[White "Sadhwani, Raunak"]
[Black "Rathnakaran, K.."]
[Result "1-0"]
[ECO "A05"]
[WhiteElo "2475"]
[BlackElo "2351"]
[Annotator "ChessBase"]
[PlyCount "61"]
[EventDate "2019.04.01"]
[EventType "swiss"]
[EventCountry "UAE"]
[SourceTitle "playchess.com"]
[Source "ChessBase"]
[SourceQuality "1"]
[TimeControl "5400+30"]

1. Nf3 Nf6 2. c4 c5 3. Nc3 g6 4. d4 Bg7 5. e4 cxd4 6. Nxd4 d6 7. Be2 O-O 8. O-O Nc6 9. Be3 Ng4 10. Bxg4 Bxg4 11. Nxc6 bxc6 12. Qxg4 f5 13. Qf3 f4 14. Bd2 Rb8 15. Rab1 h5 16. b3 Qe8 17. e5 Bxe5 18. Ne4 Rf5 19. Bc3 g5 20. Rfe1 g4 21. Qd3 Qf7 22. Bxe5 dxe5 23. f3 Kh8 24. Kh1 Rg8 25. Re2 Qg6 26. Rbe1 Rg5 27. Qc3 Rf5 28. b4 Rg7 29. a4 Rf8 30. b5 Rfg8 31. c5 1-0

[Event "21st Dubai Open 2019"]
[Site "Dubai"]
[Date "2019.04.07"]
[Round "7.22"]
[White "Santos Ruiz, Miguel"]
[Black "Naboka, Sergey"]
[Result "1/2-1/2"]
[ECO "E81"]
[WhiteElo "2555"]
[BlackElo "2327"]
[Annotator "ChessBase"]
[PlyCount "81"]
[EventDate "2019.04.01"]
[EventType "swiss"]
[EventCountry "UAE"]
[SourceTitle "playchess.com"]
[Source "ChessBase"]
[SourceQuality "1"]
[TimeControl "5400+30"]

1. d4 Nf6 2. c4 g6 3. Nc3 Bg7 4. e4 d6 5. f3 O-O 6. Be3 c5 7. Nge2 Nc6 8. d5 Ne5 9. Ng3 h5 10. Be2 h4 11. Nf1 e6 12. Bg5 h3 13. gxh3 exd5 14. Nxd5 Bxh3 15. Nfe3 Nxd5 16. Bxd8 Nxe3 17. Qd2 Bh6 18. Qxd6 Bf4 19. Bg5 Nxf3+ 20. Bxf3 Bxd6 21. Bxe3 Rad8 22. O-O-O b6 23. Bh6 Rfe8 24. Bg5 Be7 25. Bf4 Bf6 26. Rxd8 Rxd8 27. Rd1 Re8 28. Rd6 Be5 29. Bxe5 Rxe5 30. Rd8+ Kg7 31. Kd2 Be6 32. b3 g5 33. Ke3 g4 34. Bd1 f5 35. Bc2 fxe4 36. Bxe4 Rh5 37. Rd2 Rh3+ 38. Kf4 Kf6 39. Bd5 Bf5 40. Bc6 Be6 41. Bd5 {[%emt 0:00:50] Ke5+ Ke4+} 1/2-1/2

[Event "21st Dubai Open 2019"]
[Site "Dubai"]
[Date "2019.04.07"]
[Round "7.23"]
[White "Sundararajan, Kidambi"]
[Black "Chanda, Sandipan"]
[Result "1/2-1/2"]
[ECO "A10"]
[WhiteElo "2413"]
[BlackElo "2521"]
[Annotator "ChessBase"]
[PlyCount "97"]
[EventDate "2019.04.01"]
[EventType "swiss"]
[EventCountry "UAE"]
[SourceTitle "playchess.com"]
[Source "ChessBase"]
[SourceQuality "1"]
[TimeControl "5400+30"]

1. c4 f5 2. b3 b6 3. Bb2 Bb7 4. Nf3 e6 5. g3 Nf6 6. Bg2 g6 7. O-O Bg7 8. d3 O-O 9. Nbd2 d5 10. b4 Nbd7 11. a4 c5 12. a5 Rb8 13. axb6 axb6 14. Ra7 Qc8 15. Qb3 Ra8 16. Rxa8 Bxa8 17. Ra1 Re8 18. Ne5 Qc7 19. Nxd7 Nxd7 20. cxd5 Bxd5 21. Bxd5 exd5 22. Qxd5+ Kf8 23. Bxg7+ Kxg7 24. bxc5 Rxe2 25. cxb6 Qxb6 26. Qxd7+ Kh6 27. Qa7 Qxa7 28. Rxa7 Rxd2 29. Rd7 Kg5 30. Kg2 h5 31. h4+ Kf6 32. Rd6+ Kf7 33. Kf3 Ra2 34. Ke3 Rb2 35. Ra6 Rb3 36. Rc6 Ra3 37. Rd6 Ra4 38. d4 Ra2 39. d5 Ra3+ 40. Kf4 Ra4+ 41. Kg5 Rg4+ 42. Kh6 f4 43. gxf4 Rxf4 44. Rxg6 Rxh4 45. d6 Rf4 46. d7 Rd4 47. Rg7+ Kf6 48. Rg6+ Kf7 49. Rg7+ 1/2-1/2

[Event "21st Dubai Open 2019"]
[Site "Dubai"]
[Date "2019.04.07"]
[Round "7.25"]
[White "Hedman, Erik"]
[Black "Venkatesh, M.R."]
[Result "1-0"]
[ECO "A40"]
[WhiteElo "2385"]
[BlackElo "2517"]
[Annotator "ChessBase"]
[PlyCount "87"]
[EventDate "2019.04.01"]
[EventType "swiss"]
[EventCountry "UAE"]
[SourceTitle "playchess.com"]
[Source "ChessBase"]
[SourceQuality "1"]
[TimeControl "5400+30"]

1. d4 Nc6 2. d5 Ne5 3. e4 d6 4. f4 Ng6 5. Nf3 e6 6. dxe6 fxe6 7. Nc3 c6 8. h4 Be7 9. h5 Nf8 10. Qd4 Nf6 11. e5 Nd5 12. Ne4 dxe5 13. fxe5 Qb6 14. a3 Qxd4 15. Nxd4 Bd7 16. c4 Nb6 17. Be3 c5 18. Nb3 Bc6 19. Nbxc5 O-O-O 20. Be2 Bxc5 21. Nxc5 Nfd7 22. Nxd7 Nxd7 23. O-O-O Rhf8 24. Bd4 Rf4 25. Rd2 Bxg2 26. Rg1 Be4 27. Rxg7 Bf5 28. Bxa7 Rh4 29. Bf3 Rxc4+ 30. Kd1 Rc7 31. Bd4 b6 32. a4 Rf8 33. Ke2 Bc2 34. Rxd7 Bd3+ 35. Rxd3 Rxd7 36. Rc3+ Kb8 37. Bxb6 Rf5 38. Re3 Rf4 39. Re4 Rf5 40. Be3 Rc7 41. Bg4 Rf8 42. Rb4+ Rb7 43. Rxb7+ Kxb7 44. Bxe6 1-0

[Event "21st Dubai Open 2019"]
[Site "Dubai"]
[Date "2019.04.07"]
[Round "7.26"]
[White "Vishnu Prasanna. V"]
[Black "Pranav Vijay"]
[Result "0-1"]
[ECO "E32"]
[WhiteElo "2515"]
[BlackElo "2265"]
[Annotator "RC"]
[PlyCount "44"]
[EventDate "2019.04.01"]
[EventType "swiss"]
[EventCountry "UAE"]
[SourceTitle "playchess.com"]
[Source "ChessBase"]
[SourceQuality "1"]
[TimeControl "5400+30"]

1. d4 Nf6 2. c4 e6 3. Nc3 Bb4 4. Qc2 O-O 5. e4 c5 6. e5 cxd4 7. a3 Qa5 8. exf6 dxc3 9. axb4 Qxa1 10. bxc3 e5 11. Bd3 g6 12. c5 e4 13. Bxe4 Qa6 14. Ne2 d5 15. Bxd5 Bf5 16. Qa2 Qxa2 17. Bxa2 a5 18. Bd5 axb4 19. cxb4 Re8 20. Bxb7 Ra2 21. Bf3 Be4 22. Bg4 h5 0-1

[Event "21st Dubai Open 2019"]
[Site "Dubai"]
[Date "2019.04.07"]
[Round "7.27"]
[White "Harsha Bharathakoti"]
[Black "Assaubayeva, Bibisara"]
[Result "1/2-1/2"]
[ECO "E92"]
[WhiteElo "2497"]
[BlackElo "2381"]
[Annotator "ChessBase"]
[PlyCount "154"]
[EventDate "2019.04.01"]
[EventType "swiss"]
[EventCountry "UAE"]
[SourceTitle "playchess.com"]
[Source "ChessBase"]
[SourceQuality "1"]
[TimeControl "5400+30"]

1. d4 Nf6 2. c4 g6 3. Nc3 Bg7 4. e4 d6 5. Nf3 O-O 6. Be2 e5 7. d5 a5 8. Bg5 Qe8 9. Nd2 Na6 10. g4 c6 11. Nf1 cxd5 12. cxd5 Bd7 13. Ng3 b5 14. Rc1 b4 15. Nb1 Nc5 16. f3 Ba4 17. Qd2 Bb5 18. h4 Bxe2 19. Qxe2 Qc8 20. h5 Qa6 21. Qxa6 Rxa6 22. Ke2 Nfd7 23. Nd2 Bf6 24. Bxf6 Nxf6 25. g5 Nfd7 26. Ngf1 f6 27. hxg6 hxg6 28. gxf6 Nxf6 29. Ng3 Kf7 30. Nc4 Na4 31. Rc2 Ke7 32. Nd2 Nc5 33. Rh6 Kf7 34. Nb3 Nfd7 35. Nxc5 Nxc5 36. Nf5 gxf5 37. Rxc5 dxc5 38. Rxa6 fxe4 39. fxe4 Rh8 40. Rxa5 c4 41. Rc5 Rh2+ 42. Kf3 b3 43. axb3 cxb3 44. Kg4 Rf2 45. Rc4 Ke7 46. Kg5 Kd6 47. Rc6+ Kd7 48. Rb6 Rf4 49. Rxb3 Rxe4 50. Kf5 Re2 51. Rb6 Kc7 52. Rc6+ Kd7 53. b4 e4 54. Rh6 e3 55. Ke5 Rg2 56. Rh7+ Kd8 57. Kd6 Rg6+ 58. Kc5 e2 59. Rh1 Rg4 60. b5 Re4 61. Re1 Kc7 62. b6+ Kd7 63. Kb5 Kd6 64. Ka6 Ra4+ 65. Kb7 Ra2 66. Kc8 Ra8+ 67. Kb7 Ra2 68. Kc8 Ra8+ 69. Kb7 Ra2 70. Kb8 Kxd5 71. b7 Kd4 72. Rb1 Rc2 73. Ka7 Rc7 74. Kb6 Rxb7+ 75. Kxb7 Kd3 76. Re1 Kd2 77. Rxe2+ Kxe2 1/2-1/2

[Event "21st Dubai Open 2019"]
[Site "Dubai"]
[Date "2019.04.07"]
[Round "7.28"]
[White "Tissir, Mohamed"]
[Black "Vokhidov, Shamsiddin"]
[Result "0-1"]
[ECO "B47"]
[WhiteElo "2386"]
[BlackElo "2494"]
[Annotator "ChessBase"]
[PlyCount "86"]
[EventDate "2019.04.01"]
[EventType "swiss"]
[EventCountry "UAE"]
[SourceTitle "playchess.com"]
[Source "ChessBase"]
[SourceQuality "1"]
[TimeControl "5400+30"]

1. e4 c5 2. Nf3 e6 3. d4 cxd4 4. Nxd4 Nc6 5. Nc3 Qc7 6. f4 a6 7. Nb3 b5 8. Bd3 d6 9. O-O Bb7 10. Qe2 Nf6 11. Bd2 g6 12. Rae1 Bg7 13. Kh1 O-O 14. a3 Rac8 15. Qf3 Nd7 16. Qh3 b4 17. axb4 Nxb4 18. Nb5 axb5 19. Bxb4 Nc5 20. e5 Nxd3 21. cxd3 dxe5 22. Rc1 Qb8 23. Bxf8 Rxf8 24. fxe5 Qxe5 25. Nc5 Bc6 26. Rc2 Re8 27. Qg4 Qd5 28. Qe2 Qd8 29. Na6 Qd6 30. Nc5 f5 31. b4 Bd5 32. Qf2 Rf8 33. Qe1 g5 34. Re2 Rf6 35. Ne4 fxe4 36. Rxf6 Bxf6 37. dxe4 Bc4 38. e5 Qc7 39. Re3 Bg7 40. h4 g4 41. Qg3 h5 42. Qf4 Qe7 43. g3 Qxb4 0-1

[Event "21st Dubai Open 2019"]
[Site "Dubai"]
[Date "2019.04.07"]
[Round "7.29"]
[White "Darini, Pouria"]
[Black "Shailesh, Dravid"]
[Result "1-0"]
[ECO "B90"]
[WhiteElo "2455"]
[BlackElo "2316"]
[Annotator "ChessBase"]
[PlyCount "75"]
[EventDate "2019.04.01"]
[EventType "swiss"]
[EventCountry "UAE"]
[SourceTitle "playchess.com"]
[Source "ChessBase"]
[SourceQuality "1"]
[TimeControl "5400+30"]

1. e4 c5 2. Nf3 d6 3. d4 cxd4 4. Nxd4 Nf6 5. Nc3 a6 6. Nb3 e6 7. g4 h6 8. Bg2 Nc6 9. f4 Be7 10. Be3 Nd7 11. Qe2 g5 12. O-O-O gxf4 13. Bxf4 Nce5 14. Kb1 b5 15. h3 Qc7 16. Qf2 Bb7 17. Rhf1 O-O-O 18. a4 bxa4 19. Nxa4 Kb8 20. Rfe1 Rc8 21. Bf1 h5 22. g5 f6 23. gxf6 Bxf6 24. Re3 Qc6 25. Na5 Qxa4 26. Nxb7 Kxb7 27. Ra3 Qc6 28. Bxa6+ Kc7 29. Qa7+ Kd8 30. Bxc8 Qxc8 31. Rxd6 Ke7 32. Raa6 Rg8 33. Rxe6+ Kd8 34. Rxf6 Rg2 35. Bxe5 Qxc2+ 36. Ka2 Qc4+ 37. Ka3 Qd3+ 38. Bc3 1-0

[Event "21st Dubai Open 2019"]
[Site "Dubai"]
[Date "2019.04.07"]
[Round "7.30"]
[White "Tokhirjonova, Gulrukhbegim"]
[Black "Essa, Naseem Ahmed"]
[Result "1/2-1/2"]
[ECO "C77"]
[WhiteElo "2427"]
[BlackElo "1823"]
[Annotator "NA"]
[PlyCount "56"]
[EventDate "2019.04.01"]
[EventType "swiss"]
[EventCountry "UAE"]
[SourceTitle "playchess.com"]
[Source "ChessBase"]
[SourceQuality "1"]
[TimeControl "5400+30"]

1. e4 e5 2. Nf3 Nc6 3. Bb5 a6 4. Ba4 Nf6 5. d3 b5 6. Bb3 Bc5 7. O-O O-O 8. c3 d5 9. Qe2 dxe4 10. dxe4 Qe7 11. Bd5 Bb7 12. b4 Bd6 13. Bg5 Nd8 14. Nh4 Bxd5 15. exd5 e4 16. Bxf6 Qxf6 17. Qxe4 a5 18. Nf5 Nb7 19. Na3 axb4 20. Nxb5 bxc3 21. Rfc1 Ra5 22. Nxc3 Be5 23. Rab1 Nd6 24. Nxd6 cxd6 25. Ne2 Rxa2 26. Rf1 Qg6 27. Qf3 h6 28. g3 Rfa8 1/2-1/2

[Event "21st Dubai Open 2019"]
[Site "Dubai"]
[Date "2019.04.07"]
[Round "7.31"]
[White "Dhulipalla Bala Chandra Prasa"]
[Black "Mendonca, Leon Luke"]
[Result "1-0"]
[ECO "A62"]
[WhiteElo "2384"]
[BlackElo "2427"]
[Annotator "NA"]
[PlyCount "85"]
[EventDate "2019.04.01"]
[EventType "swiss"]
[EventCountry "UAE"]
[SourceTitle "playchess.com"]
[Source "ChessBase"]
[SourceQuality "1"]
[TimeControl "5400+30"]

1. d4 Nf6 2. c4 e6 3. g3 c5 4. d5 exd5 5. cxd5 d6 6. Nc3 g6 7. Nf3 Bg7 8. Bg2 O-O 9. O-O Re8 10. Bf4 Na6 11. Re1 Bg4 12. h3 Bxf3 13. Bxf3 Nd7 14. Bg2 Ne5 15. Qc2 Rb8 16. Ne4 $11 b5 17. a3 h6 18. g4 Nc7 19. Rad1 b4 20. e3 bxa3 21. bxa3 Nb5 22. Qa4 f5 23. Rb1 a6 24. Qxa6 Nc7 25. Rxb8 Qxb8 26. Qxd6 fxe4 27. Bxe4 c4 28. Rb1 Qc8 29. Bxe5 Rxe5 30. Qxg6 Nxd5 31. Rb5 Ne7 32. Qh7+ Kf8 33. Rxe5 Bxe5 34. Qxh6+ Bg7 35. Qf4+ Ke8 36. Bc2 Qa6 37. h4 c3 38. a4 Qe2 39. Qe4 Kf8 40. Qa8+ Kf7 41. Bb3+ Kf6 42. Qe4 Bf8 43. Qe6+ 1-0

[Event "21st Dubai Open 2019"]
[Site "Dubai"]
[Date "2019.04.07"]
[Round "7.33"]
[White "Mohannad, Farhan"]
[Black "Manush Shah"]
[Result "1/2-1/2"]
[ECO "D10"]
[WhiteElo "2183"]
[BlackElo "2405"]
[Annotator "NA"]
[PlyCount "71"]
[EventDate "2019.04.01"]
[EventType "swiss"]
[EventCountry "UAE"]
[SourceTitle "playchess.com"]
[Source "ChessBase"]
[SourceQuality "1"]
[TimeControl "5400+30"]

1. d4 d5 2. c4 c6 3. cxd5 cxd5 4. Bg5 Nf6 5. Bxf6 gxf6 6. Nc3 Nc6 7. Nf3 e6 8. e3 Rg8 9. g3 Bd6 10. Be2 f5 11. O-O Bd7 12. Qd2 Rc8 13. Rac1 Qf6 14. Kh1 Kf8 $14 15. Na4 b6 16. a3 Kg7 17. Ba6 Rcd8 18. Nc3 Na5 19. Qe2 Bc8 20. Bd3 Bb7 21. Nh4 Kh8 22. f4 Qh6 23. Rg1 Nc4 24. Nf3 f6 25. Rg2 Rc8 26. Rcg1 Qh5 27. Nd1 Rg7 28. Qf2 Be7 29. h3 Nd6 30. Nd2 Qxh3+ 31. Rh2 Qg4 32. Be2 Qg6 33. Bh5 Qh6 34. Be2 Qg6 35. Bh5 Qh6 36. Be8 1/2-1/2

[Event "21st Dubai Open 2019"]
[Site "Dubai"]
[Date "2019.04.07"]
[Round "7.34"]
[White "Nitish Belurkar"]
[Black "Wang, Shanshan"]
[Result "1-0"]
[ECO "B50"]
[WhiteElo "2327"]
[BlackElo "2116"]
[Annotator "NA"]
[PlyCount "77"]
[EventDate "2019.04.01"]
[EventType "swiss"]
[EventCountry "UAE"]
[SourceTitle "playchess.com"]
[Source "ChessBase"]
[SourceQuality "1"]
[TimeControl "5400+30"]

1. e4 c5 2. Nf3 d6 3. Nc3 Nc6 4. g3 Nf6 5. Bg2 g6 6. O-O Bg7 7. d3 O-O 8. h3 a6 9. Be3 Qc7 10. Qd2 Ne5 11. Nh2 Nc6 12. f4 Nd4 13. g4 e6 14. Bxd4 cxd4 15. Ne2 e5 16. f5 Nd7 17. g5 f6 18. h4 d5 19. Ng3 Nc5 20. b4 Na4 21. Ng4 dxe4 22. Bxe4 gxf5 23. Nxf5 Nc3 24. gxf6 Nxe4 25. Ne7+ Qxe7 26. fxe7 Nxd2 27. Rxf8+ Bxf8 28. e8=Q Bxg4 29. Qxa8 h5 30. Qxb7 Bh6 31. Qd5+ Kh7 32. Kg2 e4 33. Qf7+ Bg7 34. dxe4 Nxe4 35. Rf1 Nd6 36. Qd5 Nb5 37. Qe4+ Kh6 38. Rf4 Nd6 39. Rxg4 1-0

[Event "21st Dubai Open 2019"]
[Site "Dubai"]
[Date "2019.04.07"]
[Round "7.35"]
[White "Priyanka Nutakki"]
[Black "Galindo, Joseph"]
[Result "1-0"]
[ECO "A18"]
[WhiteElo "2313"]
[BlackElo "2049"]
[Annotator "NA"]
[PlyCount "115"]
[EventDate "2019.04.01"]
[EventType "swiss"]
[EventCountry "UAE"]
[SourceTitle "playchess.com"]
[Source "ChessBase"]
[SourceQuality "1"]
[TimeControl "5400+30"]

1. c4 Nf6 2. Nc3 e6 3. e4 d5 4. e5 d4 5. exf6 dxc3 6. bxc3 Qxf6 7. Nf3 h6 8. d4 c5 9. Bd3 Nc6 10. Be4 {[%emt 0:01:07] A18: English Opening: Flohr-Mikenas System (1 c4 Nf6 2 Nc3 e6 3 e4)} cxd4 11. cxd4 Bb4+ 12. Bd2 Bxd2+ 13. Qxd2 O-O (13... Bd7 14. Rb1 Rb8 15. O-O O-O 16. Qe3 b6 17. d5 exd5 18. cxd5 Ne7 {1-0 (32) Erigaisi,A (2499)-Wang,T (2332) Budapest 2018}) 14. O-O Rd8 15. Bxc6 bxc6 16. Qa5 Bd7 17. Rab1 Qf5 18. c5 f6 $146 ({Predecessor:} 18... Be8 19. Rb2 a6 {1-0 (19) Osipow,N (2206)-Tomczyk,M (2161) Wisla 2002}) 19. Rb7 e5 20. dxe5 fxe5 21. Qc7 e4 22. Nd4 Qf6 23. Nc2 Bc8 24. Rxa7 Rd7 25. Qxd7 Bxd7 26. Rxa8+ Kh7 27. Ne3 Qc3 28. h3 Qxc5 29. Rb1 Qc3 30. a4 Be6 31. Ra7 h5 32. a5 Ba2 33. Rbb7 Qe1+ 34. Kh2 Qxf2 35. Rxg7+ Kh8 36. Rh7+ Kg8 37. Rhg7+ Kh8 38. Rh7+ Kg8 39. Rhc7 Kh8 40. Ra8+ Bg8 41. Rcc8 Qf4+ 42. Kh1 Qxe3 43. Rxg8+ Kh7 44. Rh8+ Kg6 45. Rag8+ Kf7 46. Rf8+ Kg7 47. a6 h4 48. Rhg8+ Kh7 49. Rg4 Qe1+ 50. Kh2 Qa1 51. Rf5 Kh6 52. Rxe4 Qxa6 53. Rxh4+ Kg6 54. Rf3 Qe2 55. Rg4+ Kh7 56. Rf7+ Kh8 57. Rf5 Qe8 $18 58. Rfg5 1-0

[Event "21st Dubai Open 2019"]
[Site "Dubai"]
[Date "2019.04.07"]
[Round "7.36"]
[White "Chekh Adm Khedr, Aram"]
[Black "Koniahli, Malek."]
[Result "1-0"]
[ECO "C41"]
[WhiteElo "2146"]
[BlackElo "2299"]
[Annotator "NA"]
[PlyCount "87"]
[EventDate "2019.04.01"]
[EventType "swiss"]
[EventCountry "UAE"]
[SourceTitle "playchess.com"]
[Source "ChessBase"]
[SourceQuality "1"]
[TimeControl "5400+30"]

1. e4 e5 2. Nf3 d6 3. d4 Nd7 4. Bc4 c6 5. a4 Be7 6. c3 h6 7. Qb3 d5 8. exd5 exd4 9. cxd4 b5 10. axb5 cxb5 11. Bxb5 Kf8 12. Bf4 Qb6 13. Qc4 Qg6 14. O-O Nb6 15. Qc6 Nf6 16. d6 Bd8 17. Re1 Kg8 18. Ne5 Qf5 19. Qf3 g5 20. Bg3 Qxf3 21. Nxf3 Bb7 22. Ne5 Ne4 23. Bc6 Nxd6 24. Bxb7 Nxb7 25. Nc3 Kg7 26. Nc6 Bf6 27. Ne4 Rhe8 28. Nxf6 Rxe1+ 29. Rxe1 Kxf6 30. Be5+ Kg6 31. b3 Re8 32. Kf1 a6 33. Nb4 a5 34. Nc6 Nd5 35. Bg3 Rxe1+ 36. Kxe1 f5 37. Be5 Nc3 38. Kd2 Ne4+ 39. Ke3 Nc3 40. Kd3 Nd1 41. f3 Kf7 42. Kd2 Nf2 43. Ke2 Nh1 44. Bc7 1-0